 Dungeon Sprint DCSS version 0.22-a0-897-g1b7a381375 (webtiles) character file.

11900000 IcyTea the Axe Maniac (level 27, 0/249 HPs)
             Began as a Formicid Fighter on July 31, 2018.
             Was the Champion of Makhleb.
             Killed from afar by a large bag of meat (33 damage)
             ... with an exploding inner flame
             ... in the Dungeon (Sprint VIII: "Arena of Blood").
             The game lasted 00:17:30 (119 turns).

IcyTea the Axe Maniac (Formicid Fighter)             Turns: 119, Time: 00:17:30

Health: 0/249      AC: 13    Str: 25    XL:     27
Magic:  43/54      EV: 31    Int:  9    God:    Makhleb [******]
Gold:   0          SH: 19    Dex: 18    Spells: 80/80 levels left

rFire    . . .     SeeInvis +   l - +∞ Axe of Woe
rCold    . . .     Gourm    .   c - +0 shield
rNeg     . . .     Faith    .   b - +0 scale mail
rPois    .         Spirit   .   (helmet unavailable)
rElec    .         Reflect  .   (no cloak)
rCorr    .         Harm     .   (no gloves)
MR       ++...                  (no boots)
Stlth    ++++++++..             (no amulet)
HPRegen  0.51/turn              (no ring)
MPRegen  0.34/turn              (no ring)

@: no status effects
A: permanent stasis, dig shafts and tunnels, four strong arms, antennae 3
a: Dig, Minor Destruction, Lesser Servant of Makhleb, Major Destruction, Greater
Servant of Makhleb, Renounce Religion


You were in the Dungeon.
You worshipped Makhleb.
Makhleb was exalted by your worship.
You were not hungry.

You visited 1 branch

Inventory:

Hand Weapons
 l - the +∞ Axe of Woe (weapon)
   (You found it in the Dungeon)
Armour
 b - a +0 scale mail (worn)
 c - a +0 shield (worn)
Jewellery
 a - a +30 ring of slaying
Scrolls
 k - a scroll of blinking
Potions
 d - a potion of might
 e - a potion of curing
 g - a potion of heal wounds
 h - a potion of haste
 i - 2 potions of magic
 j - a potion of berserk rage
Comestibles
 f - a ration


   Skills:
 O Level 27 Fighting
 O Level 27 Axes
 O Level 27 Throwing
 O Level 27 Armour
 O Level 27 Dodging
 O Level 27 Stealth
 O Level 27 Shields
 O Level 27 Unarmed Combat
 O Level 27 Spellcasting
 O Level 27 Invocations


You had 80 spell levels left.
You didn't know any spells.
Your spell library was empty.

Dungeon Overview and Level Annotations

Branches:
Dungeon (1/1)

Altars:
Makhleb


Innate Abilities, Weirdness & Mutations

You cannot be hasted, slowed, berserked, paralysed or teleported.
You can dig through walls and to a lower floor.
Your four strong arms can wield two-handed weapons with a shield.
You have a pair of large antennae on your head. (SInv)


Message History

The scourge convulses!
The bag of meat convulses! x2
The eight-headed meat hydra convulses!
The meat berserker convulses!
The bag of meat convulses! x2; The scourge convulses!
The eight-headed meat hydra convulses!
The scourge convulses!
The eight-headed meat hydra calls on the powers of darkness!
The eight-headed meat hydra convulses!
The meat berserker convulses!
The bag of meat convulses! x3; The eight-headed meat hydra convulses!
Your body is wracked with pain!
* * * LOW HITPOINT WARNING * * *
The scourge convulses! x4
Unknown command.
You dice the large bag of meat like an onion!!!
You dissect the large bag of meat like a pig carcass.
The large bag of meat explodes!
The fiery explosion engulfs the bag of meat.
The bag of meat dies!
The fiery explosion engulfs the bag of meat.
The bag of meat dies!
The fiery explosion engulfs you!
You die... .....%.#..%..# Oo...

.....XX#_)<._#..o...
.......#).)).#S.....
.#...{{...{))%%§X...
...{.{§MX###S..§....
....###%2))o.%###...
.....o#O)Do)§.# .
...oS§#§§o)%..#
...Go§§@)).D%S...{
#...L)§))%.....%..
.....W......%....#
#........W.....##.
....S#.W......#..
..............#..
....##.#....D.. ....
.. .......


You could see an accursed, a meat beast, a tyrant, 3 eight-headed meat hydras,
an observer (invisible), 5 scourges, a large abomination, 3 dreads, a meat
berserker (berserk) and 5 bags of meat.

Vanquished Creatures
  4 hell beasts (D)
  3 greater mummies (D)
  2 great orbs of eyes (D)
  2 wraiths (D)
  Harold (D)
  19 vampire knights (D)
  37 ogres (D)
  8 two-headed ogres (D)
  7 liches (D)
  5 hydras (D)
  55 orcs (D)
  5 phantoms (D)
  5 skeletal warriors (D)
  A sea snake (D)
  6 small abominations (D)
  2 large abominations (D)
  7 crawling corpses (D)
169 creatures vanquished.

Vanquished Creatures (collateral kills)
  6 orcs (D)
  A crawling corpse (D)
7 creatures vanquished.

Vanquished Creatures (others)
  A hydra (D)
  4 orcs (D)
  A crawling corpse (D)
6 creatures vanquished.

Grand Total: 182 creatures vanquished

Notes
Turn   | Place    | Note
-------+----------+-------------------------------------------
     0 | D        | Found the +∞ Axe of Woe
     0 | D        | IcyTea the Formicid Fighter began the quest for the Orb.
     0 | D        | Reached XP level 1. HP: 18/18 MP: 1/1
     2 | D        | Noticed a bag of meat
     3 | D        | Noticed a meat berserker
     3 | D        | Noticed a bag of meat
     3 | D        | Noticed a bag of meat
     4 | D        | Noticed a bag of meat
     4 | D        | Noticed a bag of meat
     5 | D        | Became a worshipper of Makhleb the Destroyer
     5 | D        | Noticed a bag of meat
     7 | D        | Killed a meat berserker
     7 | D        | Reached skill level 27 in Axes
     7 | D        | Reached XP level 2. HP: 45/45 MP: 2/2
     7 | D        | Reached XP level 3. HP: 51/51 MP: 3/3
     7 | D        | Reached XP level 4. HP: 58/58 MP: 4/4
     7 | D        | Reached XP level 5. HP: 64/64 MP: 5/5
     7 | D        | Reached XP level 6. HP: 71/71 MP: 6/6
     7 | D        | Reached XP level 7. HP: 78/78 MP: 7/7
     7 | D        | Reached XP level 8. HP: 85/85 MP: 8/8
     7 | D        | Reached XP level 9. HP: 91/91 MP: 9/9
     7 | D        | Reached XP level 10. HP: 98/98 MP: 10/10
     7 | D        | Reached XP level 11. HP: 104/104 MP: 11/11
     7 | D        | Reached XP level 12. HP: 111/111 MP: 12/12
     7 | D        | Reached XP level 13. HP: 117/117 MP: 13/13
     7 | D        | Noticed a bag of meat
     8 | D        | Noticed a meat berserker
     8 | D        | Noticed a bag of meat
     8 | D        | Noticed a bag of meat
     8 | D        | Noticed a bag of meat
     9 | D        | Noticed a meat berserker
     9 | D        | Noticed a bag of meat
    10 | D        | Killed a bag of meat
    10 | D        | Reached * piety under Makhleb
    10 | D        | Reached XP level 14. HP: 139/139 MP: 14/14
    10 | D        | Killed a bag of meat
    10 | D        | Reached XP level 15. HP: 155/155 MP: 15/15
    10 | D        | Reached skill level 27 in Fighting
    10 | D        | Reached skill level 10 in Dodging
    11 | D        | Reached ** piety under Makhleb
    11 | D        | Reached XP level 16. HP: 167/167 MP: 16/16
    13 | D        | Killed a meat berserker
    13 | D        | Reached XP level 17. HP: 174/174 MP: 17/17
    13 | D        | Reached *** piety under Makhleb
    13 | D        | Reached skill level 27 in Dodging
    13 | D        | Reached skill level 15 in Armour
    13 | D        | Reached XP level 18. HP: 182/182 MP: 18/18
    15 | D        | Killed a meat berserker
    15 | D        | Reached skill level 27 in Armour
    15 | D        | Reached **** piety under Makhleb
    15 | D        | Reached XP level 19. HP: 189/189 MP: 19/19
    16 | D        | Noticed a destroyer
    16 | D        | Noticed a meat berserker
    21 | D        | Reached skill level 27 in Shields
    21 | D        | Reached XP level 20. HP: 197/197 MP: 19/32
    22 | D        | Killed a meat berserker
    22 | D        | Reached ***** piety under Makhleb
    24 | D        | Reached skill level 27 in Invocations
    25 | D        | Noticed a large bag of meat
    26 | D        | Noticed a large bag of meat
    27 | D        | Noticed a large bag of meat
    27 | D        | Noticed a destroyer
    29 | D        | Noticed a destroyer
    29 | D        | Noticed The Servant
    30 | D        | Killed a destroyer
    30 | D        | Reached XP level 21. HP: 204/204 MP: 21/48
    31 | D        | Killed a destroyer
    31 | D        | Reached skill level 27 in Spellcasting
    31 | D        | Killed a large bag of meat
    31 | D        | Reached XP level 22. HP: 188/212 MP: 21/53
    31 | D        | Noticed an eight-headed meat hydra
    31 | D        | Noticed a meat berserker
    32 | D        | Noticed a large bag of meat
    33 | D        | Killed a large bag of meat
    33 | D        | Killed a destroyer
    33 | D        | Reached skill level 27 in Unarmed Combat
    33 | D        | Reached XP level 23. HP: 181/219 MP: 21/54
    33 | D        | Killed a large bag of meat
    33 | D        | Reached skill level 27 in Throwing
    34 | D        | Noticed a destroyer
    35 | D        | Noticed a destroyer
    37 | D        | Reached ****** piety under Makhleb
    37 | D        | Noticed a destroyer
    38 | D        | Noticed a destroyer
    39 | D        | Killed a destroyer
    39 | D        | Reached skill level 27 in Stealth
    39 | D        | Reached XP level 24. HP: 153/227 MP: 23/54
    40 | D        | Killed a destroyer
    41 | D        | Killed a destroyer
    41 | D        | Reached XP level 25. HP: 126/234 MP: 23/54
    41 | D        | Noticed a destroyer
    45 | D        | Killed a large bag of meat
    45 | D        | Killed a destroyer
    45 | D        | Noticed a destroyer
    46 | D        | Killed a destroyer
    46 | D        | Reached XP level 26. HP: 228/242 MP: 25/54
    50 | D        | Noticed a destroyer
    50 | D        | Noticed a large bag of meat
    53 | D        | Noticed a tyrant
    54 | D        | Reached XP level 27. HP: 249/249 MP: 27/54
    54 | D        | Killed a destroyer
    56 | D        | Noticed a tyrant
    57 | D        | Killed The Servant
    57 | D        | Noticed a destroyer
    58 | D        | Noticed a destroyer
    59 | D        | Noticed a large bag of meat
    59 | D        | Noticed an accursed
    60 | D        | Killed a tyrant
    61 | D        | Noticed a destroyer
    62 | D        | Killed a destroyer
    62 | D        | Noticed a large bag of meat
    63 | D        | Killed a destroyer
    66 | D        | Killed a large bag of meat
    66 | D        | Killed a destroyer
    67 | D        | Killed a destroyer
    68 | D        | Noticed a destroyer
    68 | D        | Killed a large bag of meat
    68 | D        | Killed a tyrant
    70 | D        | Noticed a meat beast
    71 | D        | Killed a large bag of meat
    73 | D        | Killed an accursed
    74 | D        | Killed a destroyer
    75 | D        | Killed a meat beast
    76 | D        | Noticed a large bag of meat
    77 | D        | Noticed an accursed
    79 | D        | Noticed a meat beast
    80 | D        | Noticed a meat beast
    81 | D        | Killed a meat beast
    81 | D        | Noticed a tyrant
    83 | D        | Killed a meat beast
    85 | D        | Killed a large bag of meat
    87 | D        | Noticed a tyrant
    89 | D        | Noticed a destroyer
    93 | D        | Noticed a meat beast
    93 | D        | Noticed a dread
    93 | D        | Noticed a dread
    94 | D        | Killed a meat beast
    94 | D        | Noticed a destroyer
    96 | D        | Noticed a large bag of meat
    96 | D        | Noticed an accursed
    99 | D        | Killed a destroyer
   100 | D        | Noticed a destroyer
   100 | D        | Noticed a tyrant
   101 | D        | Noticed a tyrant
   102 | D        | Noticed a tyrant
   102 | D        | Noticed a tyrant
   103 | D        | Killed an accursed
   103 | D        | Killed a dread
   105 | D        | Noticed a dread
   108 | D        | Killed a tyrant
   108 | D        | Killed a destroyer
   110 | D        | Killed a tyrant
   110 | D        | Killed a destroyer
   110 | D        | Noticed a destroyer
   111 | D        | Noticed a destroyer
   111 | D        | HP: 9/249 [??? (7)]
   112 | D        | Noticed an accursed
   112 | D        | Noticed a dread
   113 | D        | Killed an accursed
   113 | D        | Killed a destroyer
   114 | D        | Killed a destroyer
   114 | D        | Killed a tyrant
   115 | D        | Killed a tyrant
   115 | D        | Killed a dread
   115 | D        | Noticed a meat beast
   116 | D        | Killed a tyrant
   117 | D        | Noticed a dread
   119 | D        | Killed a large bag of meat
   119 | D        | Killed from afar by a large bag of meat

Vault maps used:
D:        meatsprint

Skill      XL: |  1  2  3  4  5  6  7  8  9 10 11 12 13 14 15 16 17 18 19 20 21 22 23 |
---------------+----------------------------------------------------------------------+-----
Axes           | 27 | 27.0
Fighting       | 16 21 25 27 | 27.0
Dodging        | 16 25 27 | 27.0
Armour         | 15 27 | 27.0
Shields        | 18 27 | 27.0
Invocations    | 16 27 | 27.0
Spellcasting   | 23 27 | 27.0
Unarmed Combat | 23 27 | 27.0
Throwing       | 20 27 | 27.0
Stealth        | 27 | 27.0

Action                   |  1- 3 |  4- 6 |  7- 9 | 10-12 | 13-15 | 16-18 | 19-21 | 22-24 | 25-27 || total
-------------------------+-------+-------+-------+-------+-------+-------+-------+-------+-------++-------
Melee: Executioner's axe |     1 |       |       |       |     2 |     3 |     6 |     7 |    68 ||    87
Invok: Minor Destruction |       |       |       |       |       |     1 |       |       |       ||     1
       Greater Servant o |       |       |       |       |       |       |     1 |     1 |     4 ||     6
       Lesser Servant of |       |       |       |       |       |       |     1 |       |       ||     1
Armor: Scale mail        |       |       |       |       |       |       |       |       |     2 ||     2
Dodge: Dodged            |       |       |       |       |       |       |       |     2 |     5 ||     7
Block: Shield            |       |       |       |       |       |       |       |       |     8 ||     8

Table legend:
 A = Spawn XP
 B = Non-spawn XP
 C = Spawn XP percentage of total XP
 D = Spawn monster count
 E = Non-spawn monster count
 F = Spawn count percentage of total count
 G = Total turns spent on level
                    A         B        C        D         E        F      G
               +---------+---------+-------+---------+---------+-------+---------
         Total |       0 | 4040929 |   0.0 |       0 |     169 |   0.0 |   119
               +---------+---------+-------+---------+---------+-------+---------
             D |       0 | 4040929 |   0.0 |       0 |     169 |   0.0 |   119
               +---------+---------+-------+---------+---------+-------+---------
